 Seeded DCSS version 0.30.1-11-g7821555f0a (webtiles) character file.

Game seed: 11469417492119002747 (custom seed)

115592 Tauromancer the Peltast (level 16, -11/154 HPs)
             Began as a Hill Orc Fighter on Jan 9, 2024.
             Was the Champion of Beogh.
             Mangled by a ghost moth (12 damage)
             ... on level 1 of the Spider Nest on Jan 18, 2024.
             The game lasted 03:49:15 (29415 turns).

Tauromancer the Peltast (Hill Orc Fighter)         Turns: 29415, Time: 03:49:19

Health: -11/154    AC: 40    Str: 30 (33) XL:     16   Next: 33%
Magic:  2/19       EV:  7    Int:  5 (6)  God:    Beogh [******]
Gold:   889        SH:  0    Dex: 16 (17) Spells: 15/15 levels left

rFire   x . .        a - +5 trident (protect)
rCold   + . .        v - +7 tower shield
rNeg    . . .        M - +2 plate armour "Zoejiuhe" {Dex+3}
rPois   +            J - +2 helmet of Ydwoabbeipu {rC+ Dex+4}
rElec   +            F - scarf {repulsion}
rCorr   .            H - +0 pair of gloves
SInv    .            u - +5 pair of boots "Suub" {rElec rPois rF-}
Will    ++...        E - amulet of reflection Stlth
                     S - +6 ring of strength
HPRegen 0.45/turn    o - ring of willpower
MPRegen 0.16/turn

%: repel missiles, reflection
@: confused, ambrosia-drunk, under a protective aura, studying Shields
A: walk on water, iridescent scales 1, dopey 1, inability to drink after injury
1
}: 1/15 runes: decaying
a: Renounce Religion, Smiting, Recall Orcish Followers, Give Item to Named
Follower, Resurrection


You were on level 1 of the Spider Nest.
You worshipped Beogh.
Beogh was exalted by your worship.
You visited 5 branches of the dungeon, and saw 26 of its levels.

You collected 2710 gold pieces.
You spent 1821 gold pieces at shops.

Inventory:

Hand Weapons
 a - a +5 trident of protection (weapon)
 b - a +2 war axe of draining
 r - a +4 flail of holy wrath
 y - the +5 short sword "Tadghedgh" {heavy, Contam rN++ Int+3}
   (You found it on level 5 of the Lair of Beasts)

   Int:       It affects your intelligence (+3).
   rN:        It greatly protects you from negative energy.
   Contam:    It causes magical contamination when unequipped.
Missiles
 m - 3 throwing nets (quivered)
Armour
 u - the +5 pair of boots "Suub" (worn) {rElec rPois rF-}
   (You bought it in a shop on level 4 of the Dungeon)

   rF:        It makes you vulnerable to fire.
   rElec:     It insulates you from electricity.
   rPois:     It protects you from poison.
 v - a +7 tower shield (worn)
 F - a scarf of repulsion (worn)
 H - a +0 pair of gloves (worn)
 J - the +2 helmet of Ydwoabbeipu (worn) {rC+ Dex+4}
   (You found it on level 1 of the Swamp)

   Dex:       It affects your dexterity (+4).
   rC:        It protects you from cold.
 M - the +2 plate armour "Zoejiuhe" (worn) {Dex+3}
   (You found it on level 3 of the Lair of Beasts)

   Dex:       It affects your dexterity (+3).
 T - the +4 Cigotuvi's embrace {Corpsefed rMiasma Drain rN+}
   (You found it on level 4 of the Swamp)

   Corpsefed: It gathers nearby corpses to temporarily increase the armour it
   provides.
   rMiasma:   It protects you from foul pestilence.
   rN:        It protects you from negative energy.
   Drain:     It drains your maximum health when unequipped.
Jewellery
 f - the amulet "Miv Rusch" {rElec rF+ Regen+}
   (You bought it in a shop on level 1 of the Dungeon)

   [amulet of regeneration]

   rF:        It protects you from fire.
   rElec:     It insulates you from electricity.
   Regen:     It increases your rate of health regeneration.
 i - a ring of positive energy
 o - a ring of willpower (right hand)
 C - a +6 ring of strength
 E - an amulet of reflection (around neck)
 S - a +6 ring of strength (left hand)
 U - a ring of poison resistance
Wands
 c - a wand of flame (21)
 B - a wand of charming (7)
 K - a wand of iceblast (8)
 R - a wand of digging (1)
Scrolls
 g - 4 scrolls of poison
 h - 3 scrolls of fear
 j - a scroll of brand weapon
 l - 8 scrolls of fog
 n - 8 scrolls of teleportation
 s - 12 scrolls of magic mapping
 w - a scroll of summoning
 A - 2 scrolls of blinking
 I - 3 scrolls of torment
 P - a scroll of immolation
 Q - a scroll of enchant weapon
 W - 2 scrolls of identify
Potions
 d - 7 potions of brilliance
 e - 5 potions of magic
 k - 2 potions of resistance
 p - 12 potions of curing
 q - 4 potions of lignification
 x - 3 potions of ambrosia
 z - 2 potions of flight
 D - 4 potions of cancellation
 L - 4 potions of haste
 V - a potion of might
Miscellaneous
 N - a phantom mirror
 O - a lightning rod (inert)


   Skills:
 + Level 16.8 Fighting
 + Level 7.9(13.1) Axes
 - Level 14.0(14.5) Polearms
 + Level 15.5 Armour
 + Level 17.1 Shields
 - Level 4.0 Invocations
 - Level 8.0 Evocations


You had 15 spell levels left.
You didn't know any spells.
Your spell library contained the following spells:

 Spells                   Type           Power      Damage    Failure   Level
 Foxfire                  Conj/Fire      0%         2x1d4     99%         1
 Freeze                   Ice            0%         1d3       99%         1
 Slow                     Hex            0%         N/A       99%         1
 Blink                    Tloc           0%         N/A       100%        2
 Cigotuvi's Dreadful Rot  Necr/Pois/Air  0%         N/A       100%        2
 Ensorcelled Hibernation  Hex/Ice        0%         N/A       100%        2
 Lesser Beckoning         Tloc           0%         N/A       100%        2
 Momentum Strike          Conj/Tloc      0%         3d8       100%        2
 Passwall                 Tmut/Erth      0%         N/A       100%        2
 Static Discharge         Conj/Air       0%         2-2/arc   100%        2
 Confusing Touch          Hex            0%         N/A       100%        3
 Frozen Ramparts          Ice            0%         1d1       100%        3
 Hailstorm                Conj/Ice       0%         3d3       100%        3
 Swiftness                Air            0%         N/A       100%        3
 Vampiric Draining        Necr           0%         2d6       100%        3
 Airstrike                Air            0%         2d(0-16)  100%        4
 Anguish                  Hex/Necr       0%         N/A       100%        4
 Animate Dead             Necr           0%         N/A       100%        4
 Cause Fear               Hex            0%         N/A       100%        4
 Summon Lightning Spire   Summ/Air       0%         N/A       100%        4
 Agony                    Necr           0%         N/A       100%        5
 Alistair's Intoxication  Tmut/Pois      0%         N/A       100%        5
 Borgnjor's Vile Clutch   Necr/Erth      0%         N/A       100%        5
 Fireball                 Conj/Fire      0%         3d3       100%        5
 Iskenderun's Battlesphe  Conj           0%         2d6       100%        5
 Conjure Ball Lightning   Conj/Air       0%         3x3d6     100%        6
 Eringya's Noxious Bog    Tmut/Pois      0%         N/A       100%        6
 Enfeeble                 Hex            0%         N/A       100%        7
 Haunt                    Necr/Summ      0%         N/A       100%        7
 Orb of Destruction       Conj           0%         9d5       100%        7
 Borgnjor's Revivificati  Necr           0%         N/A       100%        8
 Infestation              Necr           0%         N/A       100%        8
 Necromutation            Tmut/Necr      0%         N/A       100%        8
 Death's Door             Necr           0%         N/A       100%        9
 Fire Storm               Conj/Fire      0%         5d1       100%        9


Dungeon Overview and Level Annotations

Branches:
Dungeon (14/15)            Temple (0/1) D:5            Lair (5/5) D:11
  Swamp (4/4) Lair:3       Spider (1/4) Lair:2        Slime (0/5) Lair:4
    Orc (2/2) D:11            Elf (0/3) Orc:2        Vaults (0/5) D:13

Altars:
Ashenzari
Elyvilon
Nemelex Xobeh
Wu Jian
Yredelemnul

Shops:
D:1 =(   D:3 *   D:4 *   D:11 [   D:12 :   Orc:2 ([(?

Portals:
Trove: D:11 (give 8 potions of haste)


Innate Abilities, Weirdness & Mutations

You can walk on water.
You are partially covered in iridescent scales. (AC +2)
You are dopey. (Int -2)
You occasionally lose the ability to drink potions when taking damage.


Message History

Something hits you but does no damage. x2
Something stings you but does no damage.
You are confused.
You feel invigorated.
The jumping spider leaps!
The wolf spider simulacrum hits you but does no damage.
The wolf spider simulacrum bites you but does no damage.
Something hits you.
* * * LOW HITPOINT WARNING * * *
You feel weakened. Something hits you.
* * * LOW HITPOINT WARNING * * *
Something stings you but does no damage.
The jumping spider pounces on Borgoth.
The jumping spider bites Borgoth but does no damage.
The wolf spider simulacrum closely misses you. x2
Something hits you.
* * * LOW HITPOINT WARNING * * *
Something hits you but does no damage.
Something stings you but does no damage.
The jumping spider leaps!
The wolf spider simulacrum hits you but does no damage.
The wolf spider simulacrum bites you.
* * * LOW HITPOINT WARNING * * *
The wolf spider simulacrum freezes you! You resist.
* * * LOW HITPOINT WARNING * * *
You are too confused!
You're too confused to move!
Something hits you but does no damage. Something hits you!
* * * LOW HITPOINT WARNING * * *
Something stings you but does no damage.
The wolf spider simulacrum hits you but does no damage.
The wolf spider simulacrum bites you but does no damage.
Borgoth unwields a +2 glaive.
Borgoth wields a +2 triple crossbow.
Borgoth shoots a bolt.
Beogh accepts your kill.
You feel a bit more experienced.
You feel you are being watched by something.
You feel your power leaking away. Something hits you!
You die...

##.......
####...#.#..
#####.....^.##..
##.#......######.
#.........# #^
##.s.....#.# ##
#.#.#.#..##
####o##....##
#{@.○###..##
#ZZ#### ....#


#sZZ ....# #... ... #.... ...... ....### .... ## ##. You could see an orb
spider, 3 wolf spider simulacra, a tarantella simulacrum and the friendly
Borgoth the orc warlord.

Vanquished Creatures
  Bai Suzhen (Swamp:3)
  Kirke (Spider:1)
  A ghost moth (Spider:1)
  Nessos (Lair:3)
  3 bunyips
  An eleionoma (Swamp:3)
  3 dire elephants (Lair:5)
  The ghost of Kyusiynim the Covert, a journeyman GnEn (Lair:4)
  A shambling mangrove (Swamp:4)
  Harold (Orc:1)
  Josephine (Lair:4)
  4 vault guards
  3 ghost crabs
  4 alligators
  8 hydras
  A radroach (Lair:2)
  A boulder beetle (D:13)
  A two-headed ogre (D:11)
  2 death yaks (Lair:4)
  A pharaoh ant (Spider:1)
  3 goliath frogs
  A spectral death yak (Lair:5)
  An orange crystal statue (Lair:5)
  An orb spider (Spider:1)
  3 swamp dragons (Swamp:4)
  2 orc knights (Orc:1)
  An obsidian statue (Lair:5)
  3 bog bodies (Swamp:4)
  4 necromancers (Lair:5)
  2 spriggan druids (Swamp:4)
  A deep elf pyromancer (D:10)
  An ugly thing (D:13)
  A lindwurm (Lair:2)
  5 wolf spiders (Spider:1)
  An orc sorcerer (Orc:1)
  4 will-o-the-wisps
  8 elephants (Lair:5)
  2 cyclopes
  A moth of wrath (Spider:1)
  A torpor snail (Lair:2)
  A gargoyle (D:13)
  5 cane toads
  4 komodo dragons
  2 unseen horrors
  2 rime drakes
  2 kobold demonologists (D:10)
  A hydra zombie (Swamp:1)
  A tengu conjurer (D:13)
  A polar bear (Lair:5)
  10 tyrant leeches
  5 tarantellas (Spider:1)
  2 trolls (D:12)
  9 hornets
  6 dream sheep (Lair:3)
  4 blink frogs (Lair:3)
  3 slime creatures (D:13)
  3 jumping spiders
  6 spriggans
  4 culicivoras
  2 wyverns
  35 yaks
  5 wraiths
  A basilisk (Lair:2)
  9 redbacks
  2 vampire mosquitoes (Swamp:3)
  2 steam dragons
  A hog (Spider:1)
  2 wargs (Orc:1)
  2 death yak simulacra (Lair:5)
  2 acid dragons (D:9)
  11 swamp worms
  11 water moccasins
  4 swamp drakes (Swamp:4)
  5 ice beasts
  4 black bears
  13 orc warriors
  A sky beast (D:7)
  5 ogres
  9 wolves
  13 centaurs
  2 phantoms
  6 bullfrogs
  5 kobold brigands
  2 scorpions
  A cane toad simulacrum (Lair:5)
  11 killer bees (D:9)
  2 howler monkeys
  2 electric eels (Lair:1)
  A lava snake (Lair:5)
  3 jellies
  A hound (D:3)
  4 orc priests
  2 sleepcaps
  6 iguanas
  12 orc wizards
  7 gnolls
  6 adders
  3 white imps
  3 worms
  A dart slug (D:1)
  44 orcs
  4 endoplasms
  5 giant cockroaches
  2 goblins
  7 hobgoblins
  5 jackals
  11 kobolds
  4 quokkas
  6 ball pythons
  3 bats
  A frilled lizard (D:1)
  3 rats (D:2)
471 creatures vanquished.

Vanquished Creatures (collateral kills)
  A thorn hunter (Swamp:4)
  A bunyip (Swamp:1)
  An eleionoma (Swamp:1)
  2 shambling mangroves (Swamp:4)
  11 hydras
  A vault guard (D:13)
  3 centaur warriors (D:13)
  A two-headed ogre (D:13)
  2 alligators (Swamp:2)
  5 boulder beetles
  A spectral death yak (Lair:5)
  3 goliath frogs
  A pharaoh ant (Spider:1)
  A spectral anaconda (Lair:5)
  2 spriggan druids
  2 orb spiders (Spider:1)
  6 swamp dragons
  A bog body (Swamp:1)
  A deep elf pyromancer (D:13)
  An orc knight (Orc:2)
  2 ugly things
  3 manticores
  A cyclops (D:11)
  2 elephants (Lair:5)
  4 cane toads
  A demonic crawler (Lair:2)
  2 gargoyles
  A komodo dragon (Lair:4)
  A rime drake (Lair:5)
  A tengu conjurer (D:13)
  A hydra zombie (Swamp:1)
  A bloated husk (Swamp:1)
  A meliai (D:13)
  A polar bear (Lair:4)
  6 tyrant leeches
  A tarantella (Spider:1)
  3 hornets
  2 jumping spiders (Spider:1)
  2 slime creatures (D:13)
  A shadow (D:13)
  3 spriggans
  A wraith (D:13)
  A culicivora (Spider:1)
  A basilisk (Lair:5)
  13 yaks
  4 redbacks (Spider:1)
  2 vampire mosquitoes (D:13)
  A death yak simulacrum (Lair:5)
  A spectral cane toad (Lair:5)
  4 swamp worms
  A warg (Orc:2)
  3 water moccasins (Lair:5)
  A black bear (Lair:4)
  4 swamp drakes (Swamp:4)
  10 orc warriors (Orc:2)
  An elephant zombie (Lair:5)
  3 ogres (Orc:2)
  4 centaurs
  3 bullfrogs
  A lava snake (Lair:5)
  An orc wizard (Orc:2)
  2 orcs
  2 endoplasms
  A jackal (D:3)
  A kobold (D:11)
153 creatures vanquished.

Vanquished Creatures (others)
  An orc high priest (Swamp:1)
  2 spriggans (Swamp:3)
  5 orc knights
  10 orc warriors
  A hornet (Swamp:3)
  2 humans (Spider:1)
  5 orc priests
  5 orc wizards
  27 orcs
  16 foxfires
74 creatures vanquished.

Grand Total: 698 creatures vanquished

Notes
Turn   | Place    | Note
-------+----------+-------------------------------------------
     0 | D:1      | Tauromancer the Hill Orc Fighter began the quest for the
                  | Orb.
     0 | D:1      | Reached XP level 1. HP: 19/19 MP: 1/1
    42 | D:1      | Found Tupuedgh's Jewellery Shoppe.
    77 | D:1      | Found Waiwn's Weapon Shop.
   112 | D:1      | Reached XP level 2. HP: 22/27 MP: 2/2
   441 | D:2      | Gained mutation: Armour fits poorly on your strangely
                  | shaped body. [potion of mutation]
   441 | D:2      | Gained mutation: You possess an exceptional clarity of
                  | mind. [potion of mutation]
   441 | D:2      | Gained mutation: You are agile. (Dex +4, Str/Int -1)
                  | [potion of mutation]
   442 | D:2      | Lost mutation: Armour fits poorly on your strangely shaped
                  | body. [potion of mutation]
   442 | D:2      | Lost mutation: You possess an exceptional clarity of mind.
                  | [potion of mutation]
   442 | D:2      | Gained mutation: You occasionally lose the ability to drink
                  | potions when taking damage. [potion of mutation]
   442 | D:2      | Gained mutation: You expend magic power (3 MP) to
                  | strengthen your wands. [potion of mutation]
   443 | D:2      | Lost mutation: You occasionally lose the ability to drink
                  | potions when taking damage. [potion of mutation]
   443 | D:2      | Lost mutation: You expend magic power (3 MP) to strengthen
                  | your wands. [potion of mutation]
   443 | D:2      | Lost mutation: You are agile. (Dex +4, Str/Int -1) [potion
                  | of mutation]
   443 | D:2      | Gained mutation: You are robust. (+10% HP) [potion of
                  | mutation]
   443 | D:2      | Gained mutation: You are very robust. (+20% HP) [potion of
                  | mutation]
   443 | D:2      | Gained mutation: You have sharp toenails. [potion of
                  | mutation]
   475 | D:1      | Reached XP level 3. HP: 13/39 MP: 3/3
  1267 | D:3      | Reached XP level 4. HP: 46/48 MP: 4/4
  1455 | D:3      | Reached skill level 4 in Shields
  1618 | D:3      | Found a faded altar of an unknown god.
  1755 | D:3      | Reached XP level 5. HP: 54/56 MP: 5/5
  1917 | D:3      | Found Zeluixt's Assorted Antiques.
  1928 | D:3      | Bought 2 scrolls labelled BEQA FAOLI for 50 gold pieces
  1928 | D:3      | Bought a scroll of identify for 50 gold pieces
  2236 | D:4      | Found a white marble altar of Elyvilon.
  2375 | D:4      | Became a worshipper of Beogh the Brigand
  2412 | D:5      | Entered Level 5 of the Dungeon
  2420 | D:5      | Reached skill level 5 in Fighting
  2420 | D:5      | Reached XP level 6. HP: 32/67 MP: 6/6
  2913 | D:4      | Found Ilaghiol's Assorted Antiques.
  3402 | D:5      | Reached skill level 5 in Shields
  3405 | D:5      | Reached skill level 5 in Armour
  3405 | D:5      | Reached XP level 7. HP: 62/73 MP: 7/7
  3538 | D:5      | Reached * piety under Beogh
  3539 | D:5      | Reached skill level 5 in Polearms
  3772 | D:5      | Found a staircase to the Ecumenical Temple.
  4013 | D:5      | Reached XP level 8. HP: 45/82 MP: 8/8
  5398 | D:7      | Reached skill level 10 in Polearms
  5542 | D:7      | Reached XP level 9. HP: 67/88 MP: 9/9
  5656 | D:7      | Reached ** piety under Beogh
  5882 | D:7      | Found an ornate altar of the Wu Jian Council.
  7320 | D:8      | Reached XP level 10. HP: 57/98 MP: 10/10
  7632 | D:8      | Found the +18 Lear's hauberk
  8019 | D:9      | Found a sparkling altar of Nemelex Xobeh.
  8252 | D:9      | Reached *** piety under Beogh
  8457 | D:9      | Reached skill level 1 in Invocations
  8471 | D:9      | Reached skill level 1 in Evocations
  9185 | D:10     | Entered Level 10 of the Dungeon
  9422 | D:10     | Reached skill level 6 in Shields
  9732 | D:10     | Noticed a deep elf pyromancer
  9737 | D:10     | Reached XP level 11. HP: 67/110 MP: 14/14
  9820 | D:9      | Reached **** piety under Beogh
 10189 | D:10     | Killed a deep elf pyromancer
 10190 | D:10     | Reached skill level 7 in Shields
 10618 | D:11     | Noticed a sixfirhy
 10786 | D:11     | Noticed a cyclops
 10786 | D:11     | Noticed a cyclops
 10789 | D:11     | Noticed a two-headed ogre
 10799 | D:11     | Killed a cyclops
 10807 | D:11     | Gained Hilgar as an ally
 10809 | D:11     | Killed a two-headed ogre
 10809 | D:11     | Your ally Hilgar died
 10810 | D:11     | Reached skill level 8 in Shields
 10810 | D:11     | Noticed a vault guard
 10812 | D:11     | Noticed a sun demon
 10821 | D:11     | Killed a cyclops
 10837 | D:10     | Killed a vault guard
 11279 | D:11     | Found a staircase to the Lair.
 11394 | D:11     | Found a staircase to the Orcish Mines.
 11499 | D:11     | Found Cosm's Antique Armour Emporium.
 11570 | D:11     | Found a portal to a secret trove of treasure.
 11857 | D:1      | Bought the amulet "Miv Rusch" {rElec rF+ Regen+} for 561
                  | gold pieces
 12063 | Lair:1   | Entered Level 1 of the Lair of Beasts
 12174 | Lair:1   | Reached XP level 12. HP: 127/127 MP: 15/15
 12271 | Lair:1   | Reached skill level 9 in Shields
 12396 | Lair:1   | Reached skill level 10 in Fighting
 13623 | Lair:2   | Reached ***** piety under Beogh
 13639 | Lair:2   | Found a hole to the Spider Nest.
 13778 | Lair:2   | Reached skill level 10 in Armour
 13778 | Lair:2   | Reached skill level 10 in Shields
 14534 | Lair:3   | Identified the +2 plate armour "Zoejiuhe" {Dex+3}
 14632 | Lair:3   | Noticed Nessos
 14793 | Lair:3   | Killed Nessos
 14883 | Lair:3   | Found a staircase to the Swamp.
 15182 | Lair:4   | Noticed a six-headed hydra
 15188 | Lair:4   | Noticed Josephine
 15193 | Lair:4   | Killed a six-headed hydra
 15194 | Lair:4   | Reached skill level 11 in Shields
 15194 | Lair:4   | Reached XP level 13. HP: 140/140 MP: 16/16
 15208 | Lair:4   | Killed Josephine
 15401 | Lair:4   | Found a transporter.
 15406 | Lair:4   | Found a transporter.
 15409 | Lair:4   | Noticed Kyusiynim's ghost (journeyman GnEn)
 15505 | Lair:4   | Killed Kyusiynim's ghost
 15680 | Lair:4   | Gained Ognian as an ally
 16007 | Lair:4   | Found a runed translucent door.
 16008 | Lair:4   | Found a staircase to the Slime Pits.
 16440 | Lair:5   | Entered Level 5 of the Lair of Beasts
 16475 | Lair:5   | Identified the +5 short sword "Tadghedgh" {heavy, Contam
                  | rN++ Int+3}
 16523 | Lair:5   | Reached skill level 12 in Shields
 16534 | Lair:5   | Your ally Ognian died
 17330 | Lair:5   | Noticed a dire elephant
 17335 | Lair:5   | Noticed a dire elephant
 17337 | Lair:5   | Noticed a dire elephant
 17558 | Lair:5   | Gained Beowulf as an ally
 17560 | Lair:5   | Reached skill level 5 in Evocations
 17570 | Lair:5   | Got the Anthology of Trauma and Electricity
 17919 | Lair:5   | Reached XP level 14. HP: 143/156 MP: 17/17
 18028 | Lair:5   | Killed a dire elephant
 18039 | Lair:5   | Killed a dire elephant
 18064 | Lair:5   | Killed a dire elephant
 18306 | Lair:5   | Your ally Beowulf died
 18397 | Lair:5   | Reached skill level 13 in Shields
 18847 | D:1      | Bought a +6 ring of strength for 396 gold pieces
 18847 | D:1      | Bought a ring of poison resistance for 220 gold pieces
 19121 | Spider:1 | Entered Level 1 of the Spider Nest
 19322 | Orc:1    | Entered Level 1 of the Orcish Mines
 19322 | Orc:1    | Noticed Harold
 19334 | Orc:1    | Gained Gorg as an ally
 19338 | Orc:1    | Your ally Gorg died
 19368 | Orc:1    | Killed Harold
 19580 | Orc:2    | Entered Level 2 of the Orcish Mines
 19607 | Orc:2    | Reached ****** piety under Beogh
 19637 | Orc:2    | Found Hiraeckal's Antique Weapon Shop.
 19637 | Orc:2    | Found Mappunid's Antique Armour Emporium.
 19638 | Orc:2    | Gained Borgoth as an ally
 19640 | Orc:2    | Found Hedeimarph's Weapon Shoppe.
 19642 | Orc:2    | Found Xayq's Magic Scroll Boutique.
 19662 | Orc:2    | Bought a scroll of identify for 22 gold pieces
 19662 | Orc:2    | Identified a scroll of acquirement
 20137 | Orc:2    | Found a staircase to the Elven Halls.
 20446 | D:12     | Found Piral's Book Boutique.
 20725 | D:13     | Gained Warrok as an ally
 20753 | D:13     | Found a gate to the Vaults.
 20765 | D:13     | Gained Borgoth as an ally
 20779 | D:13     | Your ally Borgoth died
 20926 | D:13     | Acquired a manual of Shields
 21379 | D:13     | Reached skill level 15 in Fighting
 21613 | D:14     | Reached skill level 14 in Shields
 22103 | D:14     | Found a broken altar of Ashenzari.
 22531 | Swamp:1  | Entered Level 1 of the Swamp
 22544 | Swamp:1  | Noticed an eleionoma
 22551 | Swamp:1  | Reached XP level 15. HP: 151/169 MP: 18/18
 22794 | Swamp:1  | Your ally Warrok died
 23187 | Swamp:1  | Identified the +2 helmet of Ydwoabbeipu {rC+ Dex+4}
 23191 | Swamp:1  | Got Gapn's Quarto of Reanimation Made Easy
 23554 | D:4      | Bought a pair of brightly glowing boots for 285 gold pieces
 23554 | D:4      | Identified the +5 pair of boots "Suub" {rElec rPois rF-}
                  | (You bought it in a shop on level 4 of the Dungeon)
 24492 | D:11     | Bought an ancient chain mail for 237 gold pieces
 24492 | D:11     | Identified the +0 chain mail of Zangij {rF+ Slay+3} (You
                  | bought it in a shop on level 11 of the Dungeon)
 24572 | Swamp:1  | Lost mutation: You have sharp toenails. [potion of
                  | mutation]
 24572 | Swamp:1  | Lost mutation: You are very robust. (+20% HP) [potion of
                  | mutation]
 24572 | Swamp:1  | Lost mutation: You are robust. (+10% HP) [potion of
                  | mutation]
 24572 | Swamp:1  | Gained mutation: You possess an exceptional clarity of
                  | mind. [potion of mutation]
 24573 | Swamp:1  | Lost mutation: You possess an exceptional clarity of mind.
                  | [potion of mutation]
 24573 | Swamp:1  | Gained mutation: You are strong-willed. (Will+) [potion of
                  | mutation]
 24573 | Swamp:1  | Lost mutation: You are strong-willed. (Will+) [potion of
                  | mutation]
 24573 | Swamp:1  | Gained mutation: Your movements are slightly less
                  | encumbered by armour. (ER -2) [potion of mutation]
 24574 | Swamp:1  | Lost mutation: Your movements are slightly less encumbered
                  | by armour. (ER -2) [potion of mutation]
 24574 | Swamp:1  | Gained mutation: You are partially covered in iridescent
                  | scales. (AC +2) [potion of mutation]
 24574 | Swamp:1  | Gained mutation: You occasionally lose the ability to drink
                  | potions when taking damage. [potion of mutation]
 24574 | Swamp:1  | Gained mutation: You are dopey. (Int -2) [potion of
                  | mutation]
 24741 | Swamp:2  | Reached skill level 1 in Axes
 24800 | Swamp:2  | Found the +10 Black Knight's barding {ponderous, rPois rN+}
 24903 | Swamp:2  | Reached skill level 15 in Shields
 24981 | Swamp:2  | Found a basalt altar of Yredelemnul.
 26287 | Swamp:3  | Noticed Bai Suzhen
 26309 | Swamp:3  | Killed Bai Suzhen
 26597 | Swamp:4  | Entered Level 4 of the Swamp
 26834 | Swamp:4  | Reached skill level 5 in Axes
 26850 | Swamp:4  | Found the +4 Cigotuvi's embrace {Corpsefed rMiasma Drain
                  | rN+}
 27332 | Swamp:4  | Reached skill level 16 in Shields
 27356 | Swamp:4  | Reached skill level 15 in Armour
 27360 | Swamp:4  | Noticed a thorn hunter
 27372 | Swamp:4  | Killed a thorn hunter
 27527 | Swamp:4  | Got a decaying rune of Zot
 27765 | Swamp:4  | Reached XP level 16. HP: 126/152 MP: 19/19
 28812 | Spider:1 | Noticed Kirke
 29149 | Spider:1 | Killed Kirke
 29356 | Spider:1 | Reached skill level 17 in Shields
 29414 | Spider:1 | HP: 5/154 [wolf spider simulacrum (9)]
 29415 | Spider:1 | HP: 1/154 [something (10)]
 29415 | Spider:1 | Mangled by a ghost moth

Illustrated notes

Levels and vault maps discovered:
D:1:      pf_arrival_petrified_forest, layout_rooms, serial_shops, shop,
          nicolae_shop_competitors_out_of_business
D:2:      layout_basic, minmay_tromino_v4_b
D:3:      layout_basic, serial_shops, shop,
          hellmonk_ecumenical_altar_crossroads, nicolae_elevator_lobby_plus
D:4:      layout_layer_cave, elyvilon_altar_1, serial_shops,
          kennysheep_little_box
D:5:      layout_cave_pods, minmay_temple_entry_trees
D:6:      layout_basic
D:7:      layout_basic, nicolae_wu_jian_wuxing_cycle, minmay_misc_feat_cross
D:8:      layout_basic, grunt_ministairs_7, minmay_misc_feat_pillars
D:9:      layout_stronghold, nemelex_xobeh_ov_fountains_minmay
D:10:     layout_cave_pools
D:11:     layout_cave_pools, hellmonk_lair_entry_icy, david_orc_2, serial_shops,
          nicolae_shop_peninsula, enter_trove_5
D:12:     layout_rooms, serial_shops, nicolae_shop_hallway_plus
D:13:     layout_rooms, lightli_vaults_fourway_checkpoint, hex_large
D:14:     layout_basic, ashenzari_altar_1, hangedman_decor_lopped
Lair:1:   layout_gridlike, lemuel_another_geyser, grunt_megastairs_3,
          serial_bayou_shore_a
Lair:2:   layout_hall_layers, nicolae_spider_entry_tight_spaces
Lair:3:   layout_loops_ring, minmay_swamp_entry_worms, uniq_nessos
Lair:4:   layout_cave_pods, slime_entry_2, nzn_ghost_randoct, uniq_josephine
Lair:5:   due_jungle_book, layout_regular_city, serial_rivers,
          chequers_serial_rivers_marsh, chequers_serial_rivers_micro_a,
          chequers_serial_rivers_small_3, chequers_serial_rivers_small_a,
          chequers_serial_rivers_large_b, chequers_serial_rivers_marsh,
          st_stairs_5, chequers_serial_rivers_micro_a, disabler_island
Swamp:1:  layout_basic_swamp, evilmike_swamp_ruin_house_5, swamp_pool3,
          nicolae_swamp_necromancy_gone_wrong
Swamp:2:  layout_basic_swamp, lemuel_altar_in_water
Swamp:3:  layout_basic_swamp, evilmike_swamp_ruin_house_2, uniq_bai_suzhen
Swamp:4:  swamp_basic_johnstein, layout_basic_swamp
Spider:1: layout_spider_delve, nicolae_spider_moth_buddies, uniq_mlioglotl,
          uniq_kirke
Orc:1:    layout_caves, uniq_harold
Orc:2:    st_orc_rangers, layout_caves

Skill      XL: |  1  2  3  4  5  6  7  8  9 10 11 12 13 14 15 16 |
---------------+-------------------------------------------------+-----
Fighting       | 4 5 7 9 11 13 15 16 | 16.8
Polearms       | 3 4 7 10 13 14 | 14.0
Shields        | 4 5 6 8 11 12 14 16 17 | 17.1
Armour         | 4 5 6 8 11 12 13 15 | 15.5
Invocations    | 4 |  4.0
Evocations     | 3 4 5 7 8 |  8.0
Axes           | 6 7 |  7.9

Action                     |  1- 3 |  4- 6 |  7- 9 | 10-12 | 13-15 | 16-18 || total
---------------------------+-------+-------+-------+-------+-------+-------++-------
  Melee: Trident           |   111 |   146 |   276 |   528 |   901 |   213 ||  2175
         Kick              |    10 |    19 |       |       |       |       ||    29
         War axe           |       |       |    48 |   195 |   268 |       ||   511
  Throw: Throwing net      |       |     1 |     3 |     4 |     2 |       ||    10
 Invoke: Convert to Beogh  |       |     1 |       |       |       |       ||     1
         Recall Orcish Fol |       |       |       |     2 |    16 |     3 ||    21
         Smiting           |       |       |       |     2 |     1 |       ||     3
         Give Item to Name |       |       |       |       |     4 |       ||     4
  Evoke: Wand              |       |       |       |     9 |    18 |     3 ||    30
         Lightning rod     |       |       |       |       |     5 |     5 ||    10
         Phantom mirror    |       |       |       |       |     1 |       ||     1
    Use: Potion            |     3 |       |     2 |     5 |     9 |     4 ||    23
         Scroll            |     6 |     7 |     6 |     9 |    17 |       ||    45
   Stab: Invisible         |       |       |       |     3 |     9 |       ||    12
         Distracted        |       |       |       |     2 |    10 |       ||    12
 Armour: Scale mail        |    66 |    71 |       |       |       |       ||   137
         Plate armour      |       |       |   173 |   310 |   670 |    92 ||  1245
         Skin              |       |       |    16 |     5 |    34 |    24 ||    79
  Dodge: Dodged            |    58 |    45 |    61 |   134 |   245 |    21 ||   564
         Repelled          |       |       |     1 |     2 |     4 |     2 ||     9
  Block: Buckler           |    26 |    45 |    81 |   107 |       |       ||   259
         Tower shield      |       |       |       |   327 |  1373 |   293 ||  1993
         Reflection        |       |       |       |       |     7 |     7 ||    14
